 Dungeon Crawl Stone Soup version 0.28-a0-1143-gcf6077d4cc (webtiles) character file.

Game seed: 8026586760412237946

55636 leviel the Severer (level 14, -11/135 HPs)
             Began as a Hill Orc Fighter on Dec 13, 2021.
             Was a High Priest of the Shining One.
             Killed from afar by an ironbound frostheart (14 damage)
             ... by creeping frost
             ... in an ice cave.
             The game lasted 00:29:03 (18619 turns).

leviel the Severer (Hill Orc Fighter)              Turns: 18619, Time: 00:29:03

Health: -11/135    AC: 29    Str: 24      XL:     14   Next: 78%
Magic:  3/23       EV: 12    Int:  2 (3)  God:    the Shining One [*****.]
Gold:   1099       SH: 14    Dex: 10      Spells: 13/13 levels left

rFire   x . .      SeeInvis .   a - +3 war axe (protect)
rCold   + + .      Faith    .   W - +0 kite shield
rNeg    + + +      Spirit   .   c - +0 ice dragon scales "Voomiac" {rF- rC++ rN+ MP+9, rC++ rF-}
rPois   +          Reflect  +   E - +0 helmet of the Wild Haggis {rPois rCorr Int-2}
rElec   .          Harm     .   (no cloak)
rCorr   +          Rampage  .   N - +3 Mad Mage's Maulers {Infuse+∞ RegenMP Int-3}
Will    +....                   H - +0 pair of boots
Stlth   ..........              K - amulet of reflection
HPRegen 0.32/turn               f - +4 ring of slaying
MPRegen 0.58/turn               J - +4 ring of evasion

@: mighty, frozen, under a protective aura, hasted, glowing, quick
A: no striking features
a: Renounce Religion, Divine Shield, Cleansing Flame, Summon Divine Warrior


You were in an ice cave.
You worshipped the Shining One.
The Shining One was extremely pleased with you.
You visited 2 branches of the dungeon, and saw 15 of its levels.
You also visited: Ossuary, Gauntlet and Ice Cave.

You collected 1224 gold pieces.
You spent 125 gold pieces at shops.

Inventory:

Hand Weapons
 a - a +3 war axe of protection (weapon)
 b - a +4 scimitar of flaming
 O - a +3 vorpal battleaxe
Missiles
 x - 70 poisoned darts
Armour
 c - the +0 ice dragon scales "Voomiac" (worn) {rF- rC++ rN+ MP+9, rC++ rF-}
   (You found it in an ice cave)

   rF:        It makes you vulnerable to fire.
   rC:        It greatly protects you from cold.
   rN:        It protects you from negative energy.
   MP:        It affects your magic capacity (+9).
 l - a +4 plate armour
 E - the +0 helmet of the Wild Haggis (worn) {rPois rCorr Int-2}
   (You found it in a Gauntlet)

   Int:       It affects your intelligence (-2).
   rPois:     It protects you from poison.
   rCorr:     It protects you from acid and corrosion.
 H - a +0 pair of boots (worn)
 N - the +3 Mad Mage's Maulers (worn) {Infuse+∞ RegenMP Int-3}
   (You found it in a Gauntlet)

   It empowers its wearer's blows with all of their magic.
   It causes its wearer's magical reserves to regenerate more quickly.
   Int:       It affects your intelligence (-3).
 W - a +0 kite shield (worn)
Jewellery
 f - a +4 ring of slaying (left hand)
 t - a +6 ring of dexterity
 G - a +6 ring of intelligence
 J - a +4 ring of evasion (right hand)
 K - an amulet of reflection (around neck)
 P - a ring of resist corrosion
Wands
 p - a wand of polymorph (4)
 s - a wand of charming (7)
 y - a wand of iceblast (17)
 B - a wand of flame (60) (quivered)
Scrolls
 i - 5 scrolls of teleportation
 k - 2 scrolls of blinking
 n - a scroll of holy word
 q - 4 scrolls of summoning
 u - 3 scrolls of amnesia
 C - 3 scrolls of fear
 R - 4 scrolls of identify {@r1}
 U - a scroll of noise {unknown}
 V - a scroll of immolation
Potions
 d - 3 potions of might
 g - 3 potions of invisibility
 h - 9 potions of curing
 j - 3 potions of mutation
 o - 3 potions of attraction
 r - 2 potions of berserk rage
 v - a potion of resistance
 w - 3 potions of lignification
 z - 2 potions of degeneration {unknown}
 A - 4 potions of flight
 D - 3 potions of cancellation
 F - 3 potions of heal wounds
 M - 2 potions of magic
 Q - a potion of ambrosia {unknown}
 S - a potion of brilliance {unknown}
Miscellaneous
 e - a tin of tremorstones (2/2)
 L - a phial of floods


   Skills:
 + Level 15.3 Fighting
 + Level 6.3 Long Blades
 - Level 16.0 Axes
 - Level 6.0 Throwing
 + Level 14.1 Armour
 + Level 6.2 Shields
 - Level 10.0 Evocations


You had 13 spell levels left.
You didn't know any spells.
Your spell library contained the following spells:

 Spells                   Type           Power      Damage    Failure   Level
 Animate Skeleton         Necr           0%         N/A       99%         1
 Beastly Appendage        Tmut           0%         N/A       99%         1
 Magic Dart               Conj           0%         1d3       99%         1
 Pain                     Necr           0%         1d4       99%         1
 Slow                     Hex            0%         N/A       99%         1
 Call Imp                 Summ           0%         N/A       100%        2
 Corpse Rot               Necr/Air       0%         N/A       100%        2
 Ensorcelled Hibernation  Hex/Ice        0%         N/A       100%        2
 Wereblood                Tmut           0%         N/A       100%        2
 Confusing Touch          Hex            0%         N/A       100%        3
 Mephitic Cloud           Conj/Pois/Air  0%         N/A       100%        3
 Spider Form              Tmut/Pois      0%         N/A       100%        3
 Vampiric Draining        Necr           0%         2d6       100%        3
 Cause Fear               Hex            0%         N/A       100%        4
 Dispel Undead            Necr           0%         3d6       100%        4
 Agony                    Necr           0%         N/A       100%        5
 Excruciating Wounds      Necr           0%         N/A       100%        5
 Yara's Violent Unravell  Hex/Tmut       0%         3d3       100%        5
 Death Channel            Necr           0%         N/A       100%        6
 Dragon Form              Tmut           0%         N/A       100%        7
 Dragon's Call            Summ           0%         N/A       100%        9


Dungeon Overview and Level Annotations

Branches:
Dungeon (14/15)            Temple (1/1) D:7            Lair (0/6) D:9
    Orc (0/2) D:12         Vaults (0/5) D:13        Ossuary (visited)
  IceCv (1/1)             Gauntlet (visited)

Altars:
Ashenzari
Cheibriados
Dithmenos
Elyvilon
Fedhas
Gozag
Hepliaklqana
Kikubaaqudgha
Makhleb
Nemelex Xobeh
Okawaru
Qazlal
Ru
Sif Muna
Trog
Uskayaw
Vehumet
Wu Jian
Xom
Yredelemnul
Zin
The Shining One

Shops:
D:2 (   D:4 **   D:8 [   D:11 (

Annotations:
D:10 1 runed translucent door, KennySheep's ghost, journeyman TrMo


Message History

The frost grips you!! You partially resist.
The ironbound frostheart calls freezing cold from the walls.
The frost grips you! You partially resist.
The white ugly thing claws you but does no damage.
You are too injured to fight recklessly!
You are too injured to fight recklessly!
You are too injured to fight recklessly!
You are too injured to fight recklessly!
You are too injured to fight recklessly!
You are too injured to fight recklessly!
You are too injured to fight recklessly!
You are too injured to fight recklessly!
You are too injured to fight recklessly!
You are too injured to fight recklessly!
You are too injured to fight recklessly!
You are too injured to fight recklessly!
You are too injured to fight recklessly!
You feel very mighty all of a sudden. The ice encasing you melts away.
The shard shrike spits a shard of ice at you.
The shard of ice hits you!! You partially resist.
* * * LOW HITPOINT WARNING * * *
The ironbound frostheart calls freezing cold from the walls.
The frost grips you! You partially resist.
* * * LOW HITPOINT WARNING * * *
You are encased in ice.
You block the white ugly thing's attack.
You feel much better. The shard shrike barely misses you.
You block the rime drake's attack. The white ugly thing misses you.
You feel yourself speed up.
The shard shrike claws you but does no damage.
The rime drake bites you but does no damage.
The white ugly thing claws you but does no damage.
You block the shard shrike's attack. The shard shrike claws you!
* * * LOW HITPOINT WARNING * * *
The shard shrike freezes you! You resist.
* * * LOW HITPOINT WARNING * * *
The ironbound frostheart calls freezing cold from the walls.
The frost grips you! You partially resist.
You die...

#..####≈≈≈######....#...###[...
#...####≈≈≈≈≈≈≈###....### ##...
###..##≈≈≈≈≈≈≈##..####### #..##
####..##≈≈≈≈≈≈≈####.####..####..#
.##..###≈≈≈≈≈≈≈≈≈#.#.#..##.#..###
..###..#≈≈≈≈≈≈≈≈###...#####.###
..##...##≈≈≈≈≈≈##...### ###
######..##≈≈≈###..###
###.#########b@## #..## ##..#
###...# ##pup# #...### ##k...#
..### #.....# ### ...... ......
....# .####


You could see a shard shrike, a white ugly thing, 2 ironbound frosthearts and a
rime drake.

Vanquished Creatures
  Gastronok (D:8)
  A minotaur (Gauntlet)
  A white draconian (IceCv)
  Snorg (D:13)
  4 hydras
  A vault guard (D:13)
  Erica (D:11)
  2 ironbound frosthearts (IceCv)
  4 two-headed ogres
  3 centaur warriors
  2 hell hogs (Gauntlet)
  A deep elf pyromancer (D:12)
  An orange crystal statue (IceCv)
  A necromancer (D:13)
  An orc knight (D:12)
  2 wizards
  17 ugly things
  3 cyclopes
  3 manticores
  A guardian serpent (shapeshifter) (D:13)
  2 gargoyles (D:12)
  Maggie (D:6)
  A minotaur zombie (Gauntlet)
  17 rime drakes (IceCv)
  A yaktaur (D:13)
  3 komodo dragons
  18 polar bears (IceCv)
  3 trolls
  Prince Ribbit (D:8)
  7 slime creatures (D:13)
  A vampire (D:12)
  2 centaur simulacra (D:12)
  32 yaks
  7 fire bats (Gauntlet)
  Eustachio (D:5)
  15 humans (D:13)
  3 basilisks (D:9)
  A steam dragon (D:6)
  9 vampire mosquitoes
  4 acid dragons
  3 hell hounds (Gauntlet)
  6 orc warriors
  A black bear (D:5)
  The ghost of avis the Ruffian, an amateur HOMo (D:6)
  3 ice beasts
  15 centaurs
  3 ogres (D:5)
  A phantom (D:6)
  A kobold brigand (D:9)
  3 bullfrogs
  5 scorpions
  A water moccasin zombie (D:5)
  4 killer bees (D:8)
  A wight (D:5)
  5 centaur zombies
  2 howler monkeys (D:9)
  5 hounds
  2 bullfrog zombies
  2 bullfrog skeletons
  3 orc priests
  A jelly (D:5)
  Crazy Yiuf (D:5)
  3 iguanas
  10 orc wizards
  12 mummies (Ossuary)
  2 howler monkey zombies
  4 gnolls (D:2)
  A howler monkey skeleton (D:5)
  7 adders
  A shadow imp (D:7)
  An ufetubus (D:6)
  An adder skeleton (D:4)
  4 worms
  2 dart slugs
  47 orcs
  7 ball pythons
  3 endoplasms
  5 giant cockroaches (D:1)
  4 hobgoblins
  2 quokkas
  8 bats
  4 frilled lizards
  2 gnoll skeletons (Ossuary)
  7 goblins
  3 goblin skeletons (Ossuary)
  A goblin zombie (D:4)
  14 kobolds
  2 kobold skeletons (Ossuary)
  An orc skeleton (Ossuary)
  A quokka zombie (D:4)
  4 rats
  11 rat skeletons (Ossuary)
  A bush (D:8)
424 creatures vanquished.

Vanquished Creatures (collateral kills)
  2 vault guards (D:13)
  A deep elf archer (D:13)
  A necromancer (D:13)
  2 humans (D:13)
6 creatures vanquished.

Vanquished Creatures (others)
  An ugly thing (D:12)
  A komodo dragon (D:9)
  A swamp drake (D:9)
  A fungus (D:10)
  3 toadstools (D:10)
  A withered plant (Gauntlet)
8 creatures vanquished.

Grand Total: 438 creatures vanquished

Notes
Turn   | Place    | Note
-------+----------+-------------------------------------------
     0 | D:1      | leviel the Hill Orc Fighter began the quest for the Orb.
     0 | D:1      | Reached XP level 1. HP: 19/19 MP: 1/1
   148 | D:1      | Reached XP level 2. HP: 27/27 MP: 2/2
   166 | D:1      | Reached skill level 3 in Axes
   953 | D:2      | Reached XP level 3. HP: 31/33 MP: 3/3
   964 | D:2      | Reached XP level 4. HP: 10/40 MP: 4/4
  1530 | D:2      | Found a faded altar of an unknown god.
  1660 | D:2      | Found Edoymid's Antique Weapon Shoppe.
  1740 | D:2      | Reached skill level 4 in Axes
  2073 | D:3      | Reached XP level 5. HP: 8/47 MP: 5/5
  2738 | D:3      | Found a glowing drain.
  3119 | D:4      | Reached skill level 5 in Fighting
  3137 | D:4      | Reached XP level 6. HP: 30/56 MP: 6/6
  3137 | D:4      | Found Akhuz's General Store.
  3137 | D:4      | Found a sand-covered staircase.
  3145 | Ossuary  | Entered an ossuary
  3317 | Ossuary  | Reached skill level 5 in Axes
  3505 | Ossuary  | Reached skill level 5 in Armour
  3803 | D:4      | Bought a wand of polymorph (3) for 55 gold pieces
  3803 | D:4      | Bought 16 poisoned darts for 70 gold pieces
  3828 | D:4      | Identified the +1 dagger of the Dark Horse {distort, rElec}
  3880 | D:4      | Found Yxzuxixu's General Store.
  4239 | D:4      | Found a bloodstained altar of Trog.
  4313 | D:5      | Entered Level 5 of the Dungeon
  4334 | D:5      | Noticed Eustachio
  4348 | D:5      | Killed Eustachio
  4349 | D:5      | Reached skill level 6 in Axes
  4349 | D:5      | Reached skill level 1 in Throwing
  4349 | D:5      | Reached XP level 7. HP: 50/63 MP: 7/7
  4476 | D:5      | Reached XP level 8. HP: 41/71 MP: 8/8
  4820 | D:5      | Reached skill level 7 in Axes
  5472 | D:5      | Found a runed translucent door.
  5473 | D:5      | Noticed Crazy Yiuf
  5588 | D:5      | Killed Crazy Yiuf
  5658 | D:6      | Reached skill level 8 in Axes
  5658 | D:6      | Reached XP level 9. HP: 64/81 MP: 9/9
  5812 | D:6      | Found a runed translucent door.
  5818 | D:6      | Noticed avis's ghost (amateur HOMo)
  5842 | D:6      | Noticed Maggie
  5853 | D:6      | Killed Maggie
  6673 | D:6      | Reached skill level 1 in Evocations
  6787 | D:6      | Killed avis's ghost
  6880 | D:7      | Reached skill level 9 in Axes
  6967 | D:7      | Found a staircase to the Ecumenical Temple.
  6990 | Temple   | Entered the Ecumenical Temple
  7445 | Temple   | Became a worshipper of the Shining One
  7811 | D:7      | You fall into a shaft and drop 3 floors!
  7811 | D:10     | Entered Level 10 of the Dungeon
  7811 | D:10     | Noticed a two-headed ogre
  7819 | D:10     | Killed a two-headed ogre
  7820 | D:10     | Reached skill level 5 in Throwing
  7820 | D:10     | Reached XP level 10. HP: 86/91 MP: 10/10
  7861 | D:10     | Reached skill level 10 in Axes
  8029 | D:10     | Noticed a two-headed ogre
  8036 | D:10     | Killed a two-headed ogre
  8222 | D:9      | Reached skill level 10 in Fighting
  8238 | D:9      | Reached XP level 11. HP: 58/100 MP: 11/11
  8243 | D:9      | Reached skill level 5 in Evocations
  8248 | D:9      | Reached skill level 11 in Axes
  8285 | D:8      | Noticed Prince Ribbit
  9005 | D:8      | Noticed Gastronok
  9024 | D:8      | Killed Gastronok
  9025 | D:8      | Reached skill level 10 in Armour
  9033 | D:8      | Found Rauza's Antique Armour Boutique.
  9045 | D:8      | Killed Prince Ribbit
 10174 | D:9      | Noticed a two-headed ogre
 10181 | D:9      | Killed a two-headed ogre
 10449 | D:9      | Reached skill level 12 in Axes
 10545 | D:9      | Found a staircase to the Lair.
 10675 | D:10     | Reached * piety under the Shining One
 10724 | D:10     | Found a runed translucent door.
 10724 | D:10     | Found a shimmering altar of Xom.
 10724 | D:10     | Noticed KennySheep's ghost (journeyman TrMo)
 10724 | D:10     | Noticed a +1 flail of chaos
 10778 | D:10     | Found a sparkling altar of Nemelex Xobeh.
 11125 | D:11     | Noticed Erica
 11137 | D:11     | Killed Erica
 11227 | D:11     | Reached XP level 12. HP: 102/111 MP: 12/12
 11295 | D:11     | Noticed a six-headed hydra
 11654 | D:11     | Noticed an eight-headed hydra
 11938 | D:11     | Killed a two-headed hydra
 12178 | D:10     | Killed a four-headed hydra
 12425 | D:11     | Found Ciaw's Antique Weapon Shoppe.
 12551 | D:12     | Found a gate leading to a gauntlet.
 12559 | Gauntlet | Entered a Gauntlet
 12559 | Gauntlet | Found a transporter.
 12568 | Gauntlet | Found a transporter.
 12585 | Gauntlet | Found a transporter.
 12588 | Gauntlet | Found a transporter.
 12602 | Gauntlet | Noticed a reaper
 12606 | Gauntlet | Found a transporter.
 12618 | Gauntlet | Noticed a blizzard demon
 12619 | Gauntlet | Found a transporter.
 12629 | Gauntlet | Reached ** piety under the Shining One
 12631 | Gauntlet | Found the +3 Mad Mage's Maulers {Infuse+∞ RegenMP Int-3}
 12632 | Gauntlet | Found a transporter.
 12638 | Gauntlet | Noticed a hell hog
 12652 | Gauntlet | Found a transporter.
 12656 | Gauntlet | Found a transporter.
 12661 | Gauntlet | Noticed a hell hog
 12664 | Gauntlet | Found a transporter.
 12682 | Gauntlet | Found a runed translucent door.
 12691 | Gauntlet | Found a transporter.
 12691 | Gauntlet | Found a transporter.
 12814 | Gauntlet | Reached skill level 13 in Axes
 12817 | Gauntlet | Killed a hell hog
 12833 | Gauntlet | Identified the +0 helmet of the Wild Haggis {rPois rCorr
                  | Int-2}
 12868 | Gauntlet | Killed a hell hog
 12910 | Gauntlet | Noticed a minotaur
 12925 | Gauntlet | Killed a minotaur
 13840 | D:12     | Found a staircase to the Orcish Mines.
 13964 | D:12     | Reached *** piety under the Shining One
 13978 | D:12     | Reached skill level 14 in Axes
 14097 | D:12     | Reached XP level 13. HP: 92/122 MP: 2/13
 14454 | D:13     | Noticed Snorg
 14485 | D:13     | Killed Snorg
 15449 | D:13     | Reached **** piety under the Shining One
 15540 | D:13     | Reached skill level 1 in Long Blades
 15908 | D:13     | Reached skill level 15 in Axes
 16038 | D:13     | Found a gate to the Vaults.
 16038 | D:13     | Noticed a vault guard
 16038 | D:13     | Noticed a vault guard
 16038 | D:13     | Noticed a vault guard
 16048 | D:13     | Killed a vault guard
 16049 | D:13     | Killed a vault guard
 16052 | D:13     | Killed a vault guard
 16056 | D:13     | Reached skill level 10 in Evocations
 16444 | D:14     | Found a frozen archway.
 16701 | D:13     | Reached XP level 14. HP: 60/133 MP: 1/14
 17008 | IceCv    | Entered an ice cave
 17251 | IceCv    | Identified the +0 ice dragon scales "Voomiac" {rF- rC++ rN+
                  | MP+9}
 17404 | IceCv    | Noticed a white draconian
 17410 | IceCv    | Reached skill level 5 in Long Blades
 17425 | IceCv    | Killed a white draconian
 17426 | IceCv    | Reached skill level 5 in Shields
 17662 | IceCv    | Reached ***** piety under the Shining One
 17689 | IceCv    | Reached skill level 16 in Axes
 17700 | IceCv    | Reached skill level 15 in Fighting
 18610 | IceCv    | Noticed a shard shrike
 18616 | IceCv    | HP: 5/135 [ironbound frostheart/creeping frost (14)]
 18619 | IceCv    | Killed from afar by an ironbound frostheart

Illustrated notes

Levels and vault maps discovered:
D:1:      lightli_arrival_isolated_outpost, layout_loops_ring,
          minmay_worlds_worst_comb
D:2:      layout_basic, ebering_ecumenical_altar_hall, serial_glass,
          glass_columns_a, glass_columns_a, glass_columns_a, glass_columns_a,
          glass_columns_b, glass_columns_a, glass_columns_a, glass_columns_a,
          glass_columns_b, glass_columns_b, due_unseen_surprise, serial_shops,
          shop
D:3:      layout_basic, cheibrodos_sewer_entry_sluice, patterned_corridor
D:4:      layout_loops_ring, trog_antimagical, serial_shops, shop,
          shop_fountains, enter_ossuary_4
D:5:      kennysheep_six_static_rooms, layout_rooms, hangedman_minor_gate_pass,
          uniq_eustachio, uniq_crazy_yiuf_cottage
D:6:      layout_loops_ring, ebering_ghost_sewer_d, uniq_maggie
D:7:      layout_loops_ring, minmay_temple_entry_tees
D:8:      layout_rooms, serial_shops, shop_fountains, kb_lookout_dungeons_type,
          nicolae_zen_rock_garden, uniq_prince_ribbit1, uniq_gastronok
D:9:      layout_cave_pools, erik_lair_dragon, kennysheep_potato
D:10:     layout_rooms, nemelex_spade_bored_becter, ebering_ghost_xom,
          grunt_decor_one_mirror, minmay_gold_behind_fungi
D:11:     layout_loops_ring, serial_shops, nicolae_shop_statue_plus, uniq_erica
D:12:     layout_roguey [special_room_orc], orc_0_dummy, serial_rivers,
          chequers_serial_rivers_room_a, chequers_serial_rivers_micro_c,
          chequers_serial_rivers_room_b, chequers_serial_rivers_micro_e,
          chequers_serial_rivers_small_b, chequers_serial_rivers_micro_c,
          gauntlet_entry_generic, minmay_fractal_squares_gapless_7
D:13:     layout_stronghold, grunt_vaults_entry_tiered, uniq_snorg
D:14:     layout_rooms, portal_ice_cave_entry_ugly_swarm, dk_noncrumbling_3,
          kennysheep_big_empty_room
Temple:   mainiacjoe_temple_big_plus
IceCv:    ice_cave_caverns_02

Skill      XL: |  1  2  3  4  5  6  7  8  9 10 11 12 13 14 |
---------------+-------------------------------------------+-----
Axes           | 3 4 6 8 9 10 12 14 15 16 | 16.0
Fighting       | 4 5 6 7 9 10 11 13 14 15 | 15.3
Armour         | 4 5 6 7 8 9 10 12 13 14 | 14.1
Shields        | 4 6 |  6.2
Throwing       | 1 2 3 5 6 |  6.0
Evocations     | 3 4 6 8 10 | 10.0
Long Blades    | 3 6 |  6.3

Action                   |  1- 3 |  4- 6 |  7- 9 | 10-12 | 13-15 || total
-------------------------+-------+-------+-------+-------+-------++-------
Melee: War axe           |    74 |   168 |   177 |   426 |   385 ||  1230
       Scimitar          |       |       |       |    14 |    10 ||    24
Evoke: Wand              |       |       |       |     6 |       ||     6
  Use: Scroll            |     3 |    11 |     5 |    11 |     5 ||    35
       Potion            |       |       |       |    10 |     3 ||    13
Armor: Scale mail        |    27 |       |       |       |       ||    27
       Plate armour      |    12 |   102 |   118 |   311 |   250 ||   793
       Ice dragon scales |       |       |       |       |    94 ||    94
Dodge: Dodged            |    37 |    56 |    56 |   189 |   237 ||   575
Block: Buckler           |    14 |    41 |    57 |   164 |   120 ||   396
       Reflection        |       |       |       |     4 |    16 ||    20
       Kite shield       |       |       |       |       |   187 ||   187

Table legend: (Time is in decaauts)
 A = Elapsed time spent in this place.
 B = Non-inter-level travel time spent in this place.
 C = Inter-level travel time spent in this place.
 D = Time resting spent in this place.
 E = Time spent auto-exploring this place.
 F = Levels seen in this place.
 G = Mean time per level.
                   A        B        C        D        E       F      G
               +--------+--------+--------+--------+--------+-----+--------+
         Total |  18609 |  17825 |    784 |   4293 |  10470 |  18 | 1033.8 |
       Dungeon |  15332 |  14651 |    681 |   3495 |   8770 |  14 | 1095.1 |
        Temple |    493 |    391 |    102 |      0 |    386 |   1 |  493.0 |
       Ossuary |    664 |    664 |      0 |    136 |    377 |   1 |  664.0 |
      Ice Cave |   1599 |   1599 |      0 |    624 |    671 |   1 | 1599.0 |
      Gauntlet |    518 |    518 |      0 |     38 |    265 |   1 |  518.0 |
               +--------+--------+--------+--------+--------+-----+--------+

Top non-repeatable levels by time:
    D:13: 2495 daAuts
   IceCv: 1599 daAuts
    D:12: 1381 daAuts
    D:11: 1261 daAuts
     D:5: 1236 daAuts
     D:6: 1159 daAuts
     D:2: 1138 daAuts
     D:8: 1033 daAuts
     D:1: 979 daAuts
     D:9: 972 daAuts
     D:7: 965 daAuts
     D:3: 960 daAuts
    D:10: 916 daAuts
     D:4: 772 daAuts
 Ossuary: 664 daAuts
